 Dungeon Crawl Stone Soup version 0.31-a0-925-g0a390f2509 (webtiles) character file.

Game seed: 13068682882870677010

86 DocEon the Slasher (level 4, -5/39 HPs)
             Began as a Minotaur Fighter on Oct 18, 2023.
             Slain by a gnoll
             ... wielding a +0 flail
              (7 damage)
             ... on level 2 of the Dungeon.
             The game lasted 00:01:14 (1006 turns).

DocEon the Slasher (Minotaur Fighter)               Turns: 1006, Time: 00:01:15

Health: -5/39      AC: 10    Str: 23    XL:     4   Next: 27%
Magic:  3/3        EV:  8    Int:  5    God:
Gold:   21         SH:  4    Dex:  9    Spells: 3/3 levels left

rFire   . . .        a - +0 long sword
rCold   . . .        c - +0 buckler
rNeg    . . .        g - +0 chain mail
rPois   .            (helmet restricted)
rElec   .            (no cloak)
rCorr   .            (no gloves)
SInv    .            j - +0 pair of boots
Will    .....        (no amulet) Stlth
                     (no ring)
HPRegen 0.26/turn    (no ring)
MPRegen 0.08/turn

%: no passive effects
@: no status effects
A: horns 2, retaliatory headbutt
a: no special abilities


You were on level 2 of the Dungeon.
You visited 1 branch of the dungeon, and saw 2 of its levels.

You collected 21 gold pieces.

Inventory:

Hand Weapons
 a - a +0 long sword (weapon)
Armour
 c - a +0 buckler (worn)
 d - the +3 ring mail of Resonance {rC++ Str+8 Int-5 SInv}
   (You found it on level 2 of the Dungeon)

   Str+8:     It affects your strength (+8).
   Int-5:     It affects your intelligence (-5).
   rC++:      It greatly protects you from cold.
   SInv:      It lets you see invisible.
 g - a +0 chain mail (worn)
 j - a +0 pair of boots (worn)
Scrolls
 e - a scroll of teleportation
 h - a scroll of butterflies {unknown}
 i - a scroll of vulnerability {unknown}
Potions
 b - a potion of curing {unknown}
 f - a potion of attraction {unknown}
 k - a potion of lignification {unknown}


   Skills:
 - Level 3.6 Fighting
 * Level 5.5 Long Blades
 - Level 3.6 Armour
 - Level 3.6 Shields


You had 3 spell levels left.
You didn't know any spells.
Your spell library was empty.

Dungeon Overview and Level Annotations

Branches:
Dungeon (2/15)

Altars:


Innate Abilities, Weirdness & Mutations

You have a pair of horns on your head.
You reflexively headbutt those who attack you in melee.


Message History

You see here the +3 ring mail of Resonance {rC++ Str+8 Int-5 SInv}.
d - the +3 ring mail of Resonance {rC++ Str+8 Int-5 SInv}
Things that are here:
a +0 short sword of distortion; 11 stones 3 gnolls come into view.
Found 9 gold pieces.
The gnoll shouts! x2
A gnoll comes into view. It is wielding a +0 halberd.
Found a scroll labelled IFOJ MEURPHINK.
The gnoll shouts!
There are monsters nearby!
There are monsters nearby!
The gnoll hits you with a +0 halberd. The gnoll hits you but does no damage.
You see here a scroll labelled IFOJ MEURPHINK.
There are monsters nearby!
You closely miss the gnoll. The gnoll barely misses you.
You furiously retaliate!
You headbutt the gnoll!
The gnoll hits you from afar with a +0 halberd!
You block the gnoll's attack.
The gnoll hits you from afar with a +0 halberd.
The gnoll hits you from afar with a +0 halberd.
The gnoll hits you with a +0 flail!
The gnoll hits you from afar with a +0 halberd!
* * * LOW HITPOINT WARNING * * *
The gnoll attacks as it pursues you!
The gnoll hits you from afar with a +0 halberd.
* * * LOW HITPOINT WARNING * * *
The gnoll attacks as it pursues you! The gnoll hits you with a +0 flail.
* * * LOW HITPOINT WARNING * * *
The gnoll attacks as it pursues you! The gnoll hits you but does no damage.
The gnoll attacks as it pursues you! The gnoll closely misses you.
The gnoll attacks as it pursues you! The gnoll closely misses you.
You are too injured to fight recklessly!
You hit the gnoll. Your headbutt misses the gnoll.
The gnoll is moderately wounded.
The gnoll closely misses you.
The gnoll hits you from afar with a +0 halberd.
* * * LOW HITPOINT WARNING * * *
The gnoll hits you with a +0 flail!
You die...

#.# #.#.........# #..#
..#.........#
##.####.##.........#
#.................##
#########......###.......?.#
..........................#
..............##g........#
#.#...........@g..?...$..#
#.#..........##.gg........
#............####.........
###....).....)#####........
#.......).###)).# ##.$.....
...........# #.#.# #######
...........# #.#....#
...........# #.####..#
...........###.#### ...#


You could see 4 gnolls.

Vanquished Creatures
  Terence (D:2)
  A gnoll (D:1)
  A dart slug (D:1)
  A bat (D:1)
  4 endoplasms
  3 giant cockroaches (D:1)
  6 goblins
  3 hobgoblins
  12 jackals (D:1)
  A quokka (D:1)
  3 ball pythons (D:1)
  A frilled lizard (D:2)
  4 kobolds
  4 rats (D:1)
45 creatures vanquished.

Notes
Turn   | Place    | Note
-------+----------+-------------------------------------------
     0 | D:1      | DocEon the Minotaur Fighter began the quest for the Orb.
     0 | D:1      | Reached XP level 1. HP: 19/19 MP: 0/0
     0 | D:1      | Noticed a white draconian
     1 | D:1      | Noticed an ice dragon
     3 | D:1      | Noticed a red draconian
     3 | D:1      | Noticed an ice dragon
     5 | D:1      | Noticed an ice dragon
     7 | D:1      | Noticed an ice dragon
     9 | D:1      | Noticed an ice dragon
    11 | D:1      | Noticed an iron dragon
    11 | D:1      | Noticed an orb of fire
    66 | D:1      | Reached skill level 3 in Long Blades
   207 | D:1      | Reached XP level 2. HP: 23/26 MP: 1/1
   234 | D:1      | Reached skill level 4 in Long Blades
   304 | D:1      | Reached XP level 3. HP: 22/31 MP: 2/2
   377 | D:1      | Noticed an iron dragon
   378 | D:1      | Noticed an orb of fire
   380 | D:1      | Noticed a large abomination
   382 | D:1      | Noticed an iron dragon
   382 | D:1      | Noticed a green draconian
   386 | D:1      | Noticed an orb of fire
   386 | D:1      | Noticed an iron dragon
   811 | D:2      | Noticed Terence
   815 | D:2      | Reached skill level 5 in Long Blades
   830 | D:2      | Killed Terence
   831 | D:2      | Reached XP level 4. HP: 15/39 MP: 3/3
   985 | D:2      | Identified the +3 ring mail of Resonance {rC++ Str+8 Int-5
                  | SInv}
  1006 | D:2      | Slain by a gnoll

Illustrated notes

Levels and vault maps discovered:
D:1:      shiori_arrival_whats_in_store_for_you, layout_loops_ring,
          kennysheep_decorative_pillar, minmay_misc_feat_plants
D:2:      layout_rooms, shapermc_ecumenical_altar_notcrosses, kennysheep_potato,
          uniq_terence, uniq_sigmund

Skill      XL: |  1  2  3 |
---------------+----------+-----
Long Blades    | 3 4 5 |  5.5
Fighting       | |  3.6
Armour         | |  3.6
Shields        | |  3.6

Action                     |  1- 3 |  4- 6 || total
---------------------------+-------+-------++-------
  Melee: Long sword        |    68 |    13 ||    81
         Headbutt          |     3 |       ||     3
    Use: Scroll            |     2 |       ||     2
         Potion            |     1 |       ||     1
 Armour: Chain mail        |    66 |    20 ||    86
         Scale mail        |     5 |       ||     5
  Dodge: Dodged            |    41 |     9 ||    50
  Block: Buckler           |    24 |     6 ||    30

Table legend: (Time is in decaauts)
 A = Elapsed time spent in this place.
 B = Non-inter-level travel time spent in this place.
 C = Inter-level travel time spent in this place.
 D = Time resting spent in this place.
 E = Time spent auto-exploring this place.
 F = Levels seen in this place.
 G = Mean time per level.
                   A        B        C        D        E       F      G
               +--------+--------+--------+--------+--------+-----+--------+
         Total |   1024 |    971 |     53 |    120 |    610 |   2 |  512.0 |
       Dungeon |   1024 |    971 |     53 |    120 |    610 |   2 |  512.0 |
               +--------+--------+--------+--------+--------+-----+--------+

Top non-repeatable levels by time:
     D:1: 826 daAuts
     D:2: 197 daAuts
